 Dungeon Crawl Stone Soup version 0.31.0-12-g77e489cdc1 (webtiles) character file.

Game seed: 9702489207039884352

602 Buffagor the Insei (level 7, -1/48 HPs)
             Began as a Merfolk Shapeshifter on Feb 20, 2024.
             Slain by a troll (8 damage)
             ... on level 5 of the Dungeon.
             The game lasted 00:09:56 (3687 turns).

Buffagor the Insei (Merfolk Shapeshifter)           Turns: 3687, Time: 00:09:57

Health: -1/48      AC:  7    Str: 14    XL:     7   Next: 41%
Magic:  7/7        EV: 12    Int: 15    God:
Gold:   180        SH:  0    Dex: 16    Spells: 6/6 levels left

rFire   . . .        w - +0 whip (elec)
rCold   . . .        (no shield)
rNeg    . . .        u - +0 leather armour
rPois   .            y - melded +0 helmet
rElec   .            (cloak currently unavailable)
rCorr   .            g - melded +0 pair of gloves
SInv    .            (boots currently unavailable)
Will    .....        (no amulet)
Stlth   +            j - +4 ring of protection
HPRegen 0.28/turn    v - +6 ring of intelligence
MPRegen 0.10/turn

%: no passive effects
@: beast-form
A: beast (slay +3), (nimble swimmer 2), mertail
a: Begin Untransformation


You were on level 5 of the Dungeon.
You were a hulking beast.
You visited 1 branch of the dungeon, and saw 5 of its levels.

You collected 180 gold pieces.

Inventory:

Hand Weapons
 k - a +0 sling
 w - a +0 whip of electrocution (weapon)
Missiles
 s - 5 poisoned darts
Armour
 g - a +0 pair of gloves (melded)
 u - a +0 leather armour (worn)
 y - a +0 helmet (melded)
Jewellery
 j - a +4 ring of protection (left hand)
 v - a +6 ring of intelligence (right hand)
Talismans
 c - a beast talisman (active)
 d - a flux talisman
Scrolls
 e - a scroll of enchant armour {unknown}
 f - 2 scrolls of amnesia {unknown}
 h - 4 scrolls of identify {unknown}
 l - 4 scrolls of teleportation {unknown}
 m - a scroll of immolation {unknown}
 o - 2 scrolls of fog {unknown}
 q - a scroll of enchant weapon {unknown}
Potions
 a - a potion of enlightenment {unknown}
 b - a potion of lignification
 i - a potion of brilliance {unknown}
 n - 3 potions of might {unknown}
 p - a potion of invisibility {unknown}
 r - 2 potions of curing {unknown}
 t - a potion of mutation {unknown}


   Skills:
 - Level 1.1 Fighting
 - Level 2.6 Dodging
 * Level 7.7 Unarmed Combat
 + Level 6.7 Shapeshifting


You had 6 spell levels left.
You didn't know any spells.
Your spell library was empty.

Dungeon Overview and Level Annotations

Branches:
Dungeon (5/15)
 Temple: D:4-7

Altars:
Ashenzari
Okawaru

Shops:
D:2 !


Innate Abilities, Weirdness & Mutations

You are a hulking beast.
Your limbs bulge with bestial killing power. (Slay +3)
((You are very nimble when in or above water. (Stealth+, EV+, Speed+++)))
Your lower body shifts to a powerful aquatic tail in water.


Message History

A troll comes into view.
The troll shouts!
You see here a potion of lignification.
The troll misses you. The troll claws you. The troll barely misses you.
You hit the troll. Lightning courses through the troll!
The troll is moderately wounded.
The troll barely misses you. The troll claws you! The troll barely misses you.
You closely miss the troll.
The troll is moderately wounded.
The troll barely misses you. The troll claws you! The troll closely misses you.
You are too injured to fight recklessly!
You are too injured to fight recklessly!
You are too injured to fight recklessly!
You are too injured to fight recklessly!
You are too injured to fight recklessly!
You are too injured to fight recklessly!
You are too injured to fight recklessly!
You are too injured to fight recklessly!
You are too injured to fight recklessly!
You are too injured to fight recklessly!
You are too injured to fight recklessly!
You are too injured to fight recklessly!
You are too injured to fight recklessly!
You are too injured to fight recklessly!
You are too injured to fight recklessly!
You are too injured to fight recklessly!
You are too injured to fight recklessly!
You are too injured to fight recklessly!
You closely miss the troll.
The troll is moderately wounded.
The troll bites you. The troll claws you! The troll claws you.
* * * LOW HITPOINT WARNING * * *
The troll barely misses you. The troll claws you.
* * * LOW HITPOINT WARNING * * *
The troll claws you.
* * * LOW HITPOINT WARNING * * *
You see here a potion of lignification.
The troll attacks as it pursues you! The troll barely misses you.
The troll claws you!
You die...

#.# #..... #.# #..#.. #
##'## #..... #. ##...##
##...# #.## ##.....##
#....) ###...####.......#
#..#.)
........#.........##.##..
..................'...#.)
#......h...>.....#....[.
#....#T#........####...#
#.#. #.#.#.....## ##... #
#.#.##...## ##.. #.#.#
#+## #.# ..........# #.#
#.. ##......### #.# #.#
#.#.##.# ##.### #.# # #.
#.# ##....#######.#


You could see a troll.

Vanquished Creatures
  Grinder (D:4)
  A phantom (D:5)
  A bombardier beetle (D:5)
  An orc priest (D:5)
  A hound (D:5)
  An iguana (D:4)
  An orc wizard (D:4)
  Robin (D:4)
  7 adders
  2 ufetubi (D:4)
  2 dart slugs
  3 ribbon worms
  7 orcs
  5 ball pythons
  6 endoplasms
  6 giant cockroaches
  9 goblins
  11 hobgoblins
  A quokka (D:1)
  6 bats
  7 frilled lizards
  9 kobolds
  6 rats
95 creatures vanquished.

Notes
Turn   | Place    | Note
-------+----------+-------------------------------------------
     0 | D:1      | Buffagor the Merfolk Shapeshifter began the quest for the
                  | Orb.
     0 | D:1      | Reached XP level 1. HP: 15/15 MP: 1/1
   209 | D:1      | Reached XP level 2. HP: 21/21 MP: 2/2
   672 | D:1      | Reached skill level 4 in Unarmed Combat
   763 | D:2      | Reached XP level 3. HP: 26/26 MP: 3/3
   880 | D:2      | Found Yzuuthonk's Distillery.
  1148 | D:2      | Reached XP level 4. HP: 32/32 MP: 4/4
  1352 | D:2      | Reached skill level 5 in Unarmed Combat
  1363 | D:2      | Reached skill level 5 in Shapeshifting
  1897 | D:3      | Reached XP level 5. HP: 25/37 MP: 5/5
  2635 | D:4      | Noticed Grinder
  2643 | D:4      | Paralysed by Grinder for 4 turns
  2652 | D:4      | Killed Grinder
  2653 | D:4      | Reached skill level 6 in Unarmed Combat
  2653 | D:4      | Reached XP level 6. HP: 43/43 MP: 6/6
  2787 | D:4      | Found a broken altar of Ashenzari.
  3064 | D:4      | Noticed Robin
  3085 | D:4      | Killed Robin
  3086 | D:4      | Reached skill level 7 in Unarmed Combat
  3351 | D:5      | Entered Level 5 of the Dungeon
  3358 | D:5      | Reached XP level 7. HP: 48/48 MP: 7/7
  3632 | D:5      | Found an iron altar of Okawaru.
  3677 | D:5      | Noticed a troll
  3687 | D:5      | Slain by a troll

Illustrated notes

Levels and vault maps discovered:
D:1:      wheals_arrival_shading, layout_basic
D:2:      layout_basic, serial_shops, nicolae_shop_tiny_statue_garden,
          minmay_increasing_density
D:3:      layout_rooms
D:4:      layout_gridville, overflow_temple_1_default, chequers_jeans,
          nicolae_hexahallways, uniq_grinder, uniq_robin
D:5:      layout_loops_corners, nicolae_dithmenos_the_darkroom,
          okawaru_ov_weapons_minmay

Skill      XL: |  1  2  3  4  5  6 |
---------------+-------------------+-----
Unarmed Combat | 4 5 6 7 |  7.7
Shapeshifting  | 5 6 |  6.7
Fighting       | |  1.1
Dodging        | |  2.6

Action                     |  1- 3 |  4- 6 |  7- 9 || total
---------------------------+-------+-------+-------++-------
  Melee: Unarmed           |    25 |    94 |       ||   119
         Punch             |     1 |     4 |     1 ||     6
         Whip              |       |    49 |    35 ||    84
  Throw: Boomerang         |    50 |    16 |       ||    66
         Stone             |       |    29 |       ||    29
Ability: Begin Untransform |       |     1 |       ||     1
    Use: Potion            |       |     1 |       ||     1
 Armour: Animal skin       |    13 |    48 |       ||    61
         Skin              |       |     5 |       ||     5
         Leather armour    |       |    40 |    27 ||    67
  Dodge: Dodged            |    14 |    93 |    26 ||   133
   Form: Beast             |       |     1 |       ||     1
